 Dungeon Crawl Stone Soup version 0.22-a0-596-gfbd32a6 (webtiles) character file.

97 Amnesiac the Magician (level 4, -4/27 HPs)
             Began as a Deep Elf Wizard on July 5, 2018.
             Killed from afar by an orc wizard (11 damage)
             ... with a magic dart
             ... on level 3 of the Dungeon.
             The game lasted 00:02:40 (1985 turns).

Amnesiac the Magician (Deep Elf Wizard)             Turns: 1985, Time: 00:02:40

Health: -4/27      AC:  3    Str:  4    XL:     4   Next: 42%
Magic:  0/12       EV: 13    Int: 24    God:
Gold:   142        SH:  6    Dex: 13    Spells: 1/12 levels left

rFire    . . .     SeeInvis .   a - +0 dagger
rCold    . . .     Gourm    .   (no shield)
rNeg     . . .     Faith    .   q - +0 robe
rPois    .         Spirit   .   (no helmet)
rElec    .         Reflect  +   (no cloak)
rCorr    .         Harm     .   (no gloves)
MR       .....                  g - +0 pair of boots
Stlth    +++.......             p - +6 amulet of reflection
HPRegen  0.09/turn              c - ring of stealth
MPRegen  0.13/turn              (no ring)

@: very slightly contaminated
A: no striking features
a: no special abilities


You were on level 3 of the Dungeon.
You were not hungry.

You visited 1 branch of the dungeon, and saw 3 of its levels.

You collected 142 gold pieces.

Inventory:

Hand Weapons
 a - a +0 dagger (weapon)
Armour
 g - a +0 pair of boots (worn)
 q - a +0 robe (worn)
Jewellery
 c - a ring of stealth (left hand)
 p - a +6 amulet of reflection (around neck)
Wands
 t - a wand of polymorph (15)
Scrolls
 f - a scroll of random uselessness {!r, unknown}
 h - 2 scrolls of fear {!r, unknown}
 i - 3 scrolls of enchant armour {!r, unknown}
 j - 2 scrolls of teleportation {!r, unknown}
 k - a scroll of enchant weapon {!r, unknown}
 m - a scroll of noise {!r, unknown}
 r - 6 scrolls of identify {!r}
 s - a scroll of remove curse {!r, unknown}
Potions
 b - a potion of mutation {!q, unknown}
 e - 3 potions of heal wounds {!q, unknown}
 l - a potion of curing {!q, unknown}
 o - 2 potions of agility {!q}
Comestibles
 d - 6 rations
 n - 4 chunks of flesh


   Skills:
 * Level 2.9 Fighting
 + Level 2.9 Dodging
 - Level 2.4 Stealth
 - Level 4.5 Spellcasting
 + Level 1.7 Conjurations
 - Level 1.1 Summonings
 - Level 1.1 Translocations


You had one spell level left.
You knew the following spells:

 Your Spells              Type           Power        Failure   Level  Hunger
a - Magic Dart            Conj           ##..         4%          1    None
b - Call Imp              Summ           ##......     9%          2    None
e - Mephitic Cloud        Conj/Pois/Air  #.......     22%         3    ##.....
s - Conjure Flame         Conj/Fire      #.......     19%         3    ##.....
v - Blink                 Tloc           N/A          9%          2    None

Your spell library contained the following spells:

 Spells                   Type           Power        Failure   Level  Hunger
 Slow                     Hex            #.......     14%         2    None


Dungeon Overview and Level Annotations

Branches:
Dungeon (3/15)

Altars:
Ashenzari
Okawaru


Message History

Confirm with . or Enter, or press ? or * to list all spells.
Aiming: Magic Dart (safe; 4% risk of failure)
Press: ? - help, Shift-Dir - straight line, f/p - orc wizard
Aim: an orc wizard, wielding a dagger and wearing a leather armour (heavily wounded)
The magic dart hits the orc wizard.
The orc wizard is severely wounded.
The orc wizard hits you but does no damage.
Casting: Magic Dart (safe; 4% risk of failure)
Confirm with . or Enter, or press ? or * to list all spells.
Aiming: Magic Dart (safe; 4% risk of failure)
Press: ? - help, Shift-Dir - straight line, f/p - orc wizard
Aim: an orc wizard, wielding a dagger and wearing a leather armour (severely wounded)
The magic dart hits the orc wizard.
The orc wizard is almost dead.
The orc wizard casts a spell.
The orc wizard seems to speed up.
Casting: Magic Dart (safe; 4% risk of failure)
Confirm with . or Enter, or press ? or * to list all spells.
Aiming: Magic Dart (safe; 4% risk of failure)
Press: ? - help, Shift-Dir - straight line, f/p - orc wizard
Aim: an orc wizard, wielding a dagger and wearing a leather armour (severely wounded, fast)
The magic dart hits the orc wizard.
The orc wizard is almost dead.
The orc wizard misses you. x2
Casting: Magic Dart (safe; 4% risk of failure)
Confirm with . or Enter, or press ? or * to list all spells.
Aiming: Magic Dart (safe; 4% risk of failure)
Press: ? - help, Shift-Dir - straight line, f/p - orc wizard
Aim: an orc wizard, wielding a dagger and wearing a leather armour (almost dead, fast)
The magic dart hits the orc wizard.
The orc wizard is almost dead.
The orc wizard points at you and mumbles some strange words.
You resist with some effort.
Casting: Magic Dart (safe; 4% risk of failure)
Confirm with . or Enter, or press ? or * to list all spells.
Aiming: Magic Dart (safe; 4% risk of failure)
Press: ? - help, Shift-Dir - straight line, f/p - orc wizard
Aim: an orc wizard, wielding a dagger and wearing a leather armour (almost dead, fast)
The magic dart hits the orc wizard.
The orc wizard is almost dead.
The orc wizard points at you and mumbles some strange words.
The magic dart hits you!
* * * LOW HITPOINT WARNING * * *
The orc wizard barely misses you. The orc wizard closely misses you.
Really read
r - 7 scrolls labeled MIOFOU JULY {!r}?
As you read the scroll labeled MIOFOU JULY {!r}, it crumbles to dust.
It is a scroll of identify.
o - 2 potions of agility {!q} The orc wizard casts a spell at you.
The magic dart hits you!
* * * LOW HITPOINT WARNING * * *
You block the orc wizard's attack.
Casting: Magic Dart (safe; 4% risk of failure)
Confirm with . or Enter, or press ? or * to list all spells.
Aiming: Magic Dart (safe; 4% risk of failure)
Press: ? - help, Shift-Dir - straight line, f/p - orc wizard
Aim: an orc wizard, wielding a dagger and wearing a leather armour (almost dead, fast)
The magic dart hits the orc wizard.
The orc wizard is almost dead.
The orc wizard hits you with a dagger.
* * * LOW HITPOINT WARNING * * *
The orc wizard gestures at you while chanting.
The magic dart hits you!
You die...

#. #. .## ..#
. #.# ...
#.#####...#
###.#o@†..#.
#...oo####..#
.....#)###
#..# ##. #..#
... #.
##.##.# #.##
#....#
...##..###
#.#...##
#...#..###


You could see an orc wizard and 2 orcs.

Vanquished Creatures
  4 adders
  A worm (D:2)
  2 dart slugs (D:2)
  A leopard gecko (D:1)
  9 goblins
  4 hobgoblins
  3 jackals
  5 kobolds
  4 quokkas
  2 ball pythons (D:2)
  7 bats
  3 frilled lizards
  4 rats
49 creatures vanquished.

Vanquished Creatures (collateral kills)
  A worm (D:2)
  2 jackals (D:2)
3 creatures vanquished.

Grand Total: 52 creatures vanquished

Notes
Turn   | Place    | Note
-------+----------+-------------------------------------------
     0 | D:1      | Amnesiac the Deep Elf Wizard began the quest for the Orb.
     0 | D:1      | Reached XP level 1. HP: 10/10 MP: 7/7
   113 | D:1      | Reached skill level 1 in Fighting
   129 | D:1      | Reached XP level 2. HP: 14/16 MP: 0/9
   138 | D:1      | Learned a level 2 spell: Call Imp
   275 | D:1      | Learned a level 2 spell: Blink
   943 | D:2      | Reached XP level 3. HP: 21/21 MP: 7/11
   948 | D:2      | Learned a level 3 spell: Conjure Flame
   952 | D:2      | Learned a level 3 spell: Mephitic Cloud
  1221 | D:2      | Found a shattered altar of Ashenzari.
  1292 | D:2      | Found a faded altar of an unknown god.
  1518 | D:2      | Reached XP level 4. HP: 26/27 MP: 7/12
  1802 | D:3      | Found an iron altar of Okawaru.
  1985 | D:3      | Killed from afar by an orc wizard

Vault maps used:
D:1:      matt_arrival_los_fun, minmay_misc_feat_iff, minmay_pentomino_u2
D:2:      ashenzari_altar_1, chequers_ecumenical_altar_simple, first_ration
D:3:      okawaru_trees_2, old_standard_altar, gammafunk_ghost_necromancy,
          st_stairs_7, hangedman_abyss_or_decor_lesser_grid

Skill      XL: |  1  2 |
---------------+-------+-----
Fighting       | 1 2 |  2.9
Dodging        | |  2.9
Stealth        | |  2.4
Spellcasting   | |  4.5
Conjurations   | |  1.7
Summonings     | |  1.1
Translocations | |  1.1

Action                   |  1- 3 |  4- 6 || total
-------------------------+-------+-------++-------
Melee: Unarmed           |    13 |       ||    13
       Dagger            |    20 |       ||    20
 Cast: Magic Dart        |   103 |    40 ||   143
       Call Imp          |     5 |       ||     5
  Use: Scroll            |       |     1 ||     1
 Stab: Distracted        |     1 |       ||     1
  Eat: Chunk             |     2 |     1 ||     3
Armor: Robe              |    12 |     2 ||    14
Dodge: Dodged            |    47 |     7 ||    54
Block: Other             |    10 |     5 ||    15
       Reflection        |     1 |       ||     1

Table legend:
 A = Spawn XP
 B = Non-spawn XP
 C = Spawn XP percentage of total XP
 D = Spawn monster count
 E = Non-spawn monster count
 F = Spawn count percentage of total count
 G = Total turns spent on level
                    A         B        C        D         E        F      G
               +---------+---------+-------+---------+---------+-------+---------
         Total |       0 |     139 |   0.0 |       0 |      52 |   0.0 |  1985
               +---------+---------+-------+---------+---------+-------+---------
           D:1 |       0 |      35 |   0.0 |       0 |      19 |   0.0 |   828
           D:2 |       0 |      72 |   0.0 |       0 |      28 |   0.0 |   969
           D:3 |       0 |      32 |   0.0 |       0 |       5 |   0.0 |   188
               +---------+---------+-------+---------+---------+-------+---------
